[Event "Titled Tuesday Blitz December 27 Early 2022"]
[White "Poeta, Caio Medeiros"]
[Black "Magallanes, Rey Jomar"]
[WhiteFideId "2142660"]
[BlackFideId "5205948"]
[WhiteElo "2088"]
[BlackElo "2052"]
[Result "1/2-1/2"]
[Round "01"]
[TimeControl "180+2"]
[Date "2022.12.27"]
[WhiteClock "0:00:16"]
[BlackClock "0:00:36"]

1. d4 d5 2. c4 e6 3. Nf3 Nf6 4. g3 Be7 5. Bg2 O-O 6. O-O c5 7. cxd5 exd5 8. b3 Nc6 9. Bb2 Bf5 10. Nc3 Rc8 11. Rc1 cxd4 12. Nxd4 Nxd4 13. Qxd4 Bc5 14. Qd2 d4 15. Na4 b6 16. b4 Be7 17. Bxd4 Qd7 18. Nb2 Rcd8 19. e3 Qb5 20. Qc3 Qxb4 21. Qxb4 Bxb4 22. Bxf6 gxf6 23. e4 Be6 24. Nc4 Rc8 25. Ne3 Bd2 26. Rxc8 Rxc8 27. Nf5 Bxf5 28. exf5 Rc1 29. Rxc1 Bxc1 30. Kf1 Kf8 31. Ke2 Ke7 32. Kd3 Kd6 33. Kc4 Ba3 34. f4 h6 35. Bd5 Ke7 36. Kd4 Bc5+ 37. Ke4 a5 38. a4 Bf2 39. g4 Bc5 40. h4 Kf8 41. Bb3 Ba3 42. Kd5 Bc1 43. Ke4 Ba3 44. Bc4 Bb2 45. Bb5 Ba3 46. Bc4 Bb2 47. Kf3 Bc1 48. Kg3 Bd2 49. Kf3 Bc1 50. Ke4 Bd2 51. h5 Bc1 52. Be2 Bd2 53. Bc4 Bc1 54. Bb5 Bd2 55. Bc6 Bc1 56. Bb5 Bd2 57. Kf3 Bc1 58. Ke4 1/2-1/2


[Site "https://www.chess.com"]

[Event "Titled Tuesday Blitz December 27 Early 2022"]
[White "Prieto Aranguren, Alain"]
[Black "Mendez Fortes, Eduardo Jesus"]
[WhiteFideId "2268906"]
[BlackFideId "3502376"]
[WhiteElo "2258"]
[BlackElo "2250"]
[Result "0-1"]
[Round "01"]
[TimeControl "180+2"]
[Date "2022.12.27"]
[WhiteClock "0:01:05"]
[BlackClock "0:00:33"]

1. e4 e5 2. Bc4 Nf6 3. d3 c6 4. Bb3 d5 5. Nc3 d4 6. Nce2 Bd6 7. Ng3 O-O 8. Bg5 h6 9. Bd2 Na6 10. Qc1 Nc5 11. N1e2 Nxb3 12. axb3 Re8 13. O-O Bf8 14. Nf5 Bxf5 15. exf5 e4 16. Ng3 Qd5 17. dxe4 Nxe4 18. Ra5 c5 19. Nxe4 Rxe4 20. f6 g5 21. b4 b6 22. Ra6 Bd6 23. bxc5 bxc5 24. Qd1 Rae8 25. Qh5 Bf8 26. h4 Rxh4 27. Qd1 Bd6 28. Re1 Bh2+ 29. Kf1 Qc4+ 30. Re2 Qxa6 0-1


[Site "https://www.chess.com"]

[Event "Titled Tuesday Blitz December 27 Early 2022"]
[White "Qashashvili, Alexandre"]
[Black "Oro, Faustino"]
[WhiteFideId "13600842"]
[BlackFideId "20000197"]
[WhiteElo "2505"]
[BlackElo "2269"]
[Result "1-0"]
[Round "01"]
[TimeControl "180+2"]
[Date "2022.12.27"]
[WhiteClock "0:00:04"]
[BlackClock "0:00:04"]

1. e4 c5 2. Nc3 Nc6 3. Nf3 e5 4. Bc4 Nf6 5. d3 d6 6. a3 Be7 7. Nd5 Be6 8. Nxe7 Qxe7 9. Bxe6 fxe6 10. O-O O-O 11. h3 h6 12. c3 Rf7 13. Nh2 Raf8 14. Ng4 Kh7 15. Nxf6+ Rxf6 16. Qh5 Rg6 17. f4 exf4 18. Bxf4 e5 19. Be3 Rxf1+ 20. Rxf1 Nd8 21. Qf5 Ne6 22. Rf3 Qh4 23. Bf2 Qg5 24. Qxg5 Nxg5 25. Rg3 h5 26. Be3 Ne6 27. Rxg6 Kxg6 28. Kf2 Kf7 29. Kf3 g5 30. g4 Kg6 31. gxh5+ Kxh5 32. Kg3 Nf8 33. d4 cxd4 34. cxd4 b6 35. dxe5 dxe5 36. a4 Ng6 37. a5 bxa5 38. Bxa7 a4 39. Bb8 Nf4 40. Bxe5 Nd3 41. Bd4 Kg6 42. Kg4 Nb4 43. Be3 Nd3 44. Bxg5 Nxb2 45. Be7 Nd3 46. h4 Kf7 47. Ba3 Ne5+ 48. Kf5 Nc4 49. Bb4 Ne3+ 50. Kg5 Ke6 51. h5 Kf7 52. h6 1-0


[Site "https://www.chess.com"]

[Event "Titled Tuesday Blitz December 27 Early 2022"]
[White "Rahman, Adel"]
[Black "Zanette, Edgard Vinicius"]
[WhiteFideId "14204177"]
[BlackFideId "2109263"]
[WhiteElo "2273"]
[BlackElo "2085"]
[Result "1/2-1/2"]
[Round "01"]
[TimeControl "180+2"]
[Date "2022.12.27"]
[WhiteClock "0:01:31"]
[BlackClock "0:00:23"]

1. e4 c5 2. Nf3 d6 3. d4 cxd4 4. Qxd4 Nc6 5. Bb5 Bd7 6. Bxc6 Bxc6 7. Nc3 Nf6 8. Bg5 e6 9. O-O-O Be7 10. Rhe1 h6 11. Bh4 Qa5 12. e5 dxe5 13. Nxe5 O-O 14. Nxc6 bxc6 15. Re5 Qb6 16. Qxb6 axb6 17. a3 Rfd8 18. Ree1 Kf8 19. Bg3 Nd5 20. Nxd5 cxd5 21. Bc7 Rdc8 22. Bxb6 Ra6 23. Bd4 Rac6 24. Re2 f6 25. f4 Kf7 26. g3 g5 27. Kb1 gxf4 28. gxf4 Bd6 29. Rf1 Rb8 30. Ka2 Rc4 31. c3 Bc7 32. b4 Bb6 33. Bxb6 Rxb6 34. Kb3 Rbc6 35. Rf3 d4 36. cxd4 Rxd4 37. b5 Rc5 38. a4 Rcc4 39. Ra2 Rb4+ 40. Kc2 Rdc4+ 41. Kd3 Rxa4 42. Rxa4 Rxa4 43. Kc2 Rb4 44. Rb3 Rxb3 45. b6 Ke7 46. Kxb3 Kd6 47. Kb4 Kc6 48. Ka5 Kb7 49. Kb5 h5 50. h4 e5 51. fxe5 fxe5 52. Kc5 e4 53. Kd4 e3 54. Ke4 Kxb6 55. Kxe3 Kc6 56. Kf4 Kd6 57. Kg5 Ke7 58. Kxh5 Kf8 59. Kg6 Kg8 60. h5 Kh8 61. h6 Kg8 62. h7+ Kh8 63. Kh6 1/2-1/2


[Site "https://www.chess.com"]

[Event "Titled Tuesday Blitz December 27 Early 2022"]
[White "Ramirez Vido, Robert Yorisan"]
[Black "Grigorov, Grigor"]
[WhiteFideId "3513823"]
[BlackFideId "2907313"]
[WhiteElo "2015"]
[BlackElo "2510"]
[Result "0-1"]
[Round "01"]
[TimeControl "180+2"]
[Date "2022.12.27"]
[WhiteClock "0:01:20"]
[BlackClock "0:01:10"]

1. f4 Nh6 2. Nf3 d5 3. g3 Nc6 4. Bg2 Bg4 5. O-O Nf5 6. d3 e6 7. c3 h5 8. e4 Bc5+ 9. Kh1 h4 10. exf5 h3 11. Re1 hxg2+ 12. Kxg2 Bxf5 13. d4 Bd6 14. Na3 Bxa3 15. bxa3 Be4 16. a4 Qf6 17. h4 Ne7 18. Kf2 Nf5 19. Ne5 Nxg3 20. Qg4 Nf5 0-1


[Site "https://www.chess.com"]

[Event "Titled Tuesday Blitz December 27 Early 2022"]
[White "Rangel, Daniel"]
[Black "Xu, Yi"]
[WhiteFideId "2124475"]
[BlackFideId "8605564"]
[WhiteElo "2207"]
[BlackElo "2527"]
[Result "0-1"]
[Round "01"]
[TimeControl "180+2"]
[Date "2022.12.27"]
[WhiteClock "0:00:12"]
[BlackClock "0:00:12"]

1. d4 Nf6 2. c4 e6 3. Nc3 Bb4 4. e3 O-O 5. Ne2 d5 6. a3 Bd6 7. Ng3 dxc4 8. Bxc4 a6 9. O-O c5 10. dxc5 Bxc5 11. b4 Qxd1 12. Rxd1 Be7 13. Bb2 b5 14. Bd3 Bb7 15. Nge4 Nbd7 16. Rac1 Rac8 17. Nxf6+ Nxf6 18. Ne2 Rfd8 19. Rxc8 Rxc8 20. Rc1 Rd8 21. Bc2 Ne4 22. Rd1 Rc8 23. Bxe4 Bxe4 24. f3 Rc2 25. fxe4 Rxb2 26. Nd4 Bg5 27. Rd3 Rd2 28. Rxd2 Bxe3+ 29. Kf1 Bxd2 30. Ke2 Bc1 31. Nc2 e5 32. Kd3 Bb2 33. Ke3 Kf8 34. Kf3 Ke7 35. Kg4 Ke6 36. h4 h6 37. h5 g6 38. Kh4 Bc1 39. Kg4 Kf6 40. Kh4 Kg7 41. Kg4 Kh7 42. Kh4 Kg8 43. Kg4 Kg7 44. Kh4 f5 45. hxg6 fxe4 46. Kg4 Kxg6 47. Kg3 Kf5 48. Kf2 Kf4 49. Ke2 Kg3 50. Kf1 e3 51. Ke2 Kxg2 52. Ne1+ Kg3 53. Nd3 Bxa3 54. Kxe3 h5 55. Ke4 h4 56. Kxe5 h3 57. Nc5 Bxb4 58. Ne4+ Kg2 59. Nf6 h2 60. Nh5 h1=Q 61. Nf4+ Kf3 62. Nd3 Bc3+ 63. Kd5 Ke3+ 64. Kc5 Kxd3 65. Kb6 b4 66. Ka5 b3+ 67. Ka4 b2 68. Ka3 b1=Q 69. Ka4 Qb4# 0-1


[Site "https://www.chess.com"]

[Event "Titled Tuesday Blitz December 27 Early 2022"]
[White "Rengifo Blancas, Renzo Jhonathan"]
[Black "Postnikov, Daniil"]
[WhiteFideId "3807185"]
[BlackFideId "4166329"]
[WhiteElo "2131"]
[BlackElo "2360"]
[Result "1-0"]
[Round "01"]
[TimeControl "180+2"]
[Date "2022.12.27"]
[WhiteClock "0:00:16"]
[BlackClock "0:00:20"]

1. d4 f5 2. Nc3 Nf6 3. e4 fxe4 4. f3 d5 5. Bg5 Bf5 6. Nge2 exf3 7. Ng3 Qd7 8. Bxf6 exf6 9. Qxf3 c6 10. Qxf5 Qe7+ 11. Be2 Nd7 12. O-O-O O-O-O 13. Rhe1 Qb4 14. Bg4 Kb8 15. a3 Qa5 16. Qf4+ Ka8 17. Bxd7 Rxd7 18. Re8+ Rd8 19. Rxd8+ Qxd8 20. Nf5 g6 21. Ne3 Bd6 22. Qf3 Re8 23. Kb1 f5 24. g3 Qa5 25. Ng2 b5 26. Na2 Re4 27. Qc3 Qc7 28. Nb4 Kb7 29. Nd3 Qe7 30. Ngf4 g5 31. Nh3 h6 32. Nhf2 Re2 33. Re1 f4 34. gxf4 gxf4 35. Ne5 Rxe1+ 36. Qxe1 Qh4 37. Nf3 Qh5 38. Qe2 Bc7 39. b3 a6 40. Kb2 Bd6 41. Nd3 Qf5 42. Nde5 Qf8 43. b4 a5 44. c3 a4 45. Nd3 Qf7 46. Nc5+ Kc7 47. Ne5 Qg8 48. Qf3 Qg5 49. Ne6+ 1-0


[Site "https://www.chess.com"]

[Event "Titled Tuesday Blitz December 27 Early 2022"]
[White "Rosh Jain"]
[Black "Toncheva, Nadya"]
[WhiteFideId "25789465"]
[BlackFideId "2924056"]
[WhiteElo "2248"]
[BlackElo "2295"]
[Result "1/2-1/2"]
[Round "01"]
[TimeControl "180+2"]
[Date "2022.12.27"]
[WhiteClock "0:00:09"]
[BlackClock "0:00:07"]

1. e4 c5 2. Nf3 Nc6 3. d4 cxd4 4. Nxd4 g6 5. Nc3 Bg7 6. Be3 Nf6 7. Qd2 O-O 8. f3 d6 9. O-O-O Bd7 10. Bc4 Rc8 11. Bb3 Na5 12. h4 h5 13. Kb1 Nc4 14. Bxc4 Rxc4 15. Rdg1 b5 16. g4 b4 17. Nce2 hxg4 18. h5 gxh5 19. Bh6 Rc5 20. Bxg7 Kxg7 21. fxg4 Bxg4 22. Nf5+ Rxf5 23. exf5 Rh8 24. Qg5+ Kf8 25. Nf4 Qa5 26. Nxh5 Rxh5 27. Rxh5 Bxh5 28. Re1 b3 29. Qh6+ Ke8 30. Qe3 Qxa2+ 31. Kc1 Qa1+ 32. Kd2 Qa5+ 33. c3 Qd5+ 34. Kc1 Qb7 35. Qd4 Kd8 36. Qa4 Qd7 37. Qa5+ Qc7 38. Qxc7+ Kxc7 39. Rxe7+ Nd7 40. Re4 Nc5 41. Rh4 Bf3 42. Rh7 Bd5 43. Kd2 Bc4 44. f6 Kc6 45. Rh8 Ne4+ 46. Ke3 Nxf6 47. Kd4 Be6 48. Ra8 Kb7 49. Rd8 Nd7 50. c4 Nc5 51. Rxd6 Na4 52. Rd8 Nxb2 53. Kc3 Nxc4 54. Kxb3 Nb6+ 55. Kb2 a5 56. Rd1 a4 57. Kc3 Kc6 58. Kb4 f5 59. Rc1+ Kd6 60. Rd1+ Kc7 61. Rc1+ Kb7 62. Ka5 Nc4+ 63. Kxa4 Kc6 64. Kb4 f4 65. Rxc4+ Bxc4 66. Kxc4 f3 67. Kd3 f2 68. Ke2 f1=Q+ 69. Kxf1 1/2-1/2


[Site "https://www.chess.com"]

[Event "Titled Tuesday Blitz December 27 Early 2022"]
[White "Samunenkov, Ihor"]
[Black "Quinones Garcia, Santiago"]
[WhiteFideId "14187086"]
[BlackFideId "4408497"]
[WhiteElo "2501"]
[BlackElo "2248"]
[Result "1-0"]
[Round "01"]
[TimeControl "180+2"]
[Date "2022.12.27"]
[WhiteClock "0:01:04"]
[BlackClock "0:00:04"]

1. d4 Nf6 2. c4 e6 3. Nc3 Bb4 4. e3 b6 5. Ne2 Bb7 6. a3 Be7 7. d5 O-O 8. g3 d6 9. Bg2 Nbd7 10. O-O e5 11. b4 a5 12. Rb1 Re8 13. e4 Bf8 14. h3 g6 15. Be3 Bg7 16. c5 bxc5 17. bxc5 Ba6 18. c6 Nb6 19. Bxb6 cxb6 20. Nb5 Qe7 21. Nec3 Rec8 22. Qd2 Ne8 23. Rfc1 Rab8 24. a4 h5 25. h4 Nc7 26. Bh3 Rf8 27. Nxc7 Qxc7 28. Bf1 Bxf1 29. Kxf1 Kh7 30. Nb5 Qe7 31. c7 Rbc8 32. Rc6 f5 33. exf5 gxf5 34. Qg5 Qxg5 35. hxg5 f4 36. gxf4 exf4 37. Nxd6 Be5 38. Nxc8 Rxc8 39. d6 1-0


[Site "https://www.chess.com"]

[Event "Titled Tuesday Blitz December 27 Early 2022"]
[White "Sanchez, Robert"]
[Black "Domingo Nunez, Ruben"]
[WhiteFideId "2034360"]
[BlackFideId "22245570"]
[WhiteElo "1966"]
[BlackElo "2416"]
[Result "1-0"]
[Round "01"]
[TimeControl "180+2"]
[Date "2022.12.27"]
[WhiteClock "0:00:23"]
[BlackClock "0:01:43"]

1. e4 Nc6 2. Nf3 d5 3. exd5 Qxd5 4. Nc3 Qa5 5. Be2 Bg4 6. O-O O-O-O 7. d3 Nf6 8. h3 Bh5 9. a3 e5 10. Bd2 Qb6 11. Rb1 Bg6 12. Be3 Qa5 13. b4 Nxb4 14. axb4 Bxb4 15. Ra1 Ba3 16. Nb1 e4 17. Rxa3 Qb4 18. Rxa7 exf3 19. Bxf3 Nd5 20. Ra8+ Kd7 21. Rxd8+ Rxd8 22. Bxd5 Ke8 23. Qf3 c6 24. Be4 Kf8 25. Bxg6 hxg6 26. Nd2 Kg8 27. Rb1 Qc3 28. Rxb7 Rf8 29. Rc7 Qxc2 30. Rxc6 Qb2 31. Rc7 Qe5 32. Qf4 Qd5 33. Nf3 Ra8 34. Qc4 Ra1+ 35. Kh2 Qd6+ 36. Bf4 Qf6 37. Rc8+ Kh7 38. Ng5+ Kh6 39. Rh8# 1-0


[Site "https://www.chess.com"]

[Event "Titled Tuesday Blitz December 27 Early 2022"]
[White "Sankalan Shah"]
[Black "Koutlas, Nikolaos"]
[WhiteFideId "25600362"]
[BlackFideId "25827138"]
[WhiteElo "2179"]
[BlackElo "2341"]
[Result "0-1"]
[Round "01"]
[TimeControl "180+2"]
[Date "2022.12.27"]
[WhiteClock "0:00:20"]
[BlackClock "0:01:09"]

1. d4 Nf6 2. c4 b6 3. Nc3 e6 4. e4 Bb4 5. Bd3 Bb7 6. f3 d5 7. cxd5 exd5 8. e5 Nh5 9. Ne2 c5 10. Be3 cxd4 11. Bxd4 Nc6 12. O-O O-O 13. Bc2 Nxd4 14. Nxd4 Nf4 15. g3 Qg5 16. Kh1 Ne6 17. Qd3 g6 18. f4 Qh5 19. Nce2 Rac8 20. a3 Bc5 21. Rac1 Qh3 22. b4 Nxd4 23. bxc5 Nxc2 24. c6 Rxc6 0-1


[Site "https://www.chess.com"]

[Event "Titled Tuesday Blitz December 27 Early 2022"]
[White "Santos Flores, Alberto"]
[Black "Timofeev, Artyom"]
[WhiteFideId "3601234"]
[BlackFideId "4140419"]
[WhiteElo "2164"]
[BlackElo "2567"]
[Result "1/2-1/2"]
[Round "01"]
[TimeControl "180+2"]
[Date "2022.12.27"]
[WhiteClock "0:00:27"]
[BlackClock "0:00:30"]

1. e4 c5 2. Nf3 Nc6 3. Nc3 d6 4. d4 cxd4 5. Nxd4 Nf6 6. Bg5 e6 7. Bb5 Bd7 8. Bxc6 bxc6 9. Qf3 h6 10. Bxf6 Qxf6 11. Qxf6 gxf6 12. f4 c5 13. Nb3 h5 14. O-O h4 15. Rad1 Ke7 16. Nd2 Kd8 17. Nc4 Kc7 18. a4 Rb8 19. b3 Be7 20. Rf2 Bc6 21. Rfd2 Rhd8 22. Na3 a6 23. Nc4 Rb4 24. a5 Rbb8 25. Kf2 Rd7 26. Nb6 Rdd8 27. Nc4 f5 28. exf5 Bf6 29. Ne2 d5 30. Ne5 Bxe5 31. fxe5 exf5 32. Nf4 d4 33. e6 Kd6 34. Re1 Be4 35. exf7 Rf8 36. c3 Rxb3 37. cxd4 c4 38. Rc1 c3 39. Re2 Rxf7 40. Re3 Rc7 41. Ne2 Rb2 42. Rexc3 Rxc3 43. Rxc3 Bxg2 44. Kxg2 Rxe2+ 45. Kh3 Kd5 46. Rc5+ Kxd4 47. Rxf5 Ra2 48. Kxh4 Rxh2+ 49. Kg5 Ra2 50. Kf6 Kc4 51. Ke6 Kb4 52. Kd6 Rxa5 53. Rxa5 Kxa5 54. Kc5 Ka4 55. Kc4 a5 56. Kc3 Ka3 57. Kc2 Ka2 58. Kc1 a4 59. Kc2 a3 60. Kc1 Ka1 61. Kc2 Ka2 62. Kc1 Kb3 63. Kb1 a2+ 64. Ka1 Ka3 1/2-1/2


[Site "https://www.chess.com"]

[Event "Titled Tuesday Blitz December 27 Early 2022"]
[White "Sargissyan, Sargis"]
[Black "Csonka, Balazs"]
[WhiteFideId "13303210"]
[BlackFideId "742910"]
[WhiteElo "2234"]
[BlackElo "2496"]
[Result "1/2-1/2"]
[Round "01"]
[TimeControl "180+2"]
[Date "2022.12.27"]
[WhiteClock "0:00:27"]
[BlackClock "0:00:03"]

1. e4 e5 2. Nf3 Nc6 3. Bb5 a6 4. Ba4 Nf6 5. d3 b5 6. Bb3 Bc5 7. Nc3 d6 8. Bg5 h6 9. Bh4 g5 10. Bg3 Bg4 11. Nd5 Nd4 12. Ne3 Bh5 13. c3 Nxf3+ 14. gxf3 Bxe3 15. fxe3 Bg6 16. d4 Qe7 17. a4 O-O 18. axb5 axb5 19. dxe5 dxe5 20. h3 c5 21. O-O c4 22. Bc2 Rfd8 23. Rxa8 Rxa8 24. Qe2 Ra2 25. Bb1 Ra1 26. Rd1 Nd7 27. f4 exf4 28. exf4 Nf6 29. fxg5 Nxe4 30. Bxe4 Qxe4 31. Qxe4 Rxd1+ 32. Qe1 Rxe1+ 33. Bxe1 hxg5 34. Bd2 f6 35. Kf2 Kf7 36. Kg3 Ke6 37. h4 gxh4+ 38. Kxh4 Kf5 39. Kg3 Ke4 40. Bh6 Kd3 41. Bf8 Kc2 42. Ba3 Be4 43. Kf4 f5 44. Ke3 Kb3 45. Kf4 b4 46. Bxb4 Kxb2 47. Ke3 Kb3 48. Kf4 Kc2 1/2-1/2


[Site "https://www.chess.com"]

[Event "Titled Tuesday Blitz December 27 Early 2022"]
[White "Sharifov, Mekhriddin"]
[Black "Bashirli, Saadat"]
[WhiteFideId "14701545"]
[BlackFideId "13429990"]
[WhiteElo "2209"]
[BlackElo "1571"]
[Result "1-0"]
[Round "01"]
[TimeControl "180+2"]
[Date "2022.12.27"]
[WhiteClock "0:00:13"]
[BlackClock "0:00:14"]

1. e4 c5 2. Nf3 g6 3. d4 cxd4 4. Nxd4 Nc6 5. c4 Nf6 6. Nc3 Nxd4 7. Qxd4 d6 8. Be3 Bg7 9. Be2 O-O 10. Qd2 a5 11. O-O a4 12. h3 Qa5 13. f4 Be6 14. Rac1 Rfc8 15. b3 axb3 16. axb3 Qb4 17. f5 Bd7 18. Rb1 Bc6 19. Bf3 Ra3 20. fxg6 hxg6 21. Nd5 Qxd2 22. Bxd2 Bxd5 23. exd5 Rca8 24. b4 Nd7 25. Bf4 Rc3 26. Rfc1 Raa3 27. Kh1 Rab3 28. Rxb3 Rxb3 29. c5 dxc5 30. bxc5 Bb2 31. Rc2 Be5 32. Bxe5 Nxe5 33. c6 Nxf3 34. gxf3 bxc6 35. dxc6 Rb8 36. Kg2 Kg7 37. Kg3 Kf6 38. Kf4 e5+ 39. Kg4 Rb4+ 40. Kg3 Rb8 41. c7 Rc8 42. Kg4 Ke6 43. Kg5 Ke7 44. h4 Ke6 45. Rc6+ Ke7 46. Rc5 Kd6 47. Rc3 Ke6 48. Kh6 Ke7 49. Kg7 Ke6 50. Rc6+ Kd5 51. Rc2 Ke6 52. Rc3 Ke7 53. Rc6 Kd7 54. Rf6 Kxc7 55. Rxf7+ Kd6 56. Kxg6 Rc4 57. h5 Rh4 58. h6 Ke6 59. Rf8 Rh1 60. Re8+ Kd7 61. Rxe5 Rg1+ 62. Rg5 Rh1 63. h7 Ke7 64. Kg7 Rh3 65. f4 Rh4 66. f5 Ke8 67. h8=Q+ Rxh8 68. Kxh8 Kf7 69. Kh7 Kf6 70. Kh6 Kf7 71. Kh5 Kf6 72. Kg4 Kf7 73. Kf4 Kf6 74. Rg6+ Kf7 75. Kg5 Kf8 76. Rb6 Kf7 77. Rb7+ Kf8 78. Kf6 Ke8 79. Ke6 Kd8 80. f6 Kc8 81. Rh7 Kb8 82. Re7 Ka8 83. f7 Kb8 84. f8=Q# 1-0


[Site "https://www.chess.com"]

[Event "Titled Tuesday Blitz December 27 Early 2022"]
[White "Shubenkova, Veronika"]
[Black "Talibov, Shiroghlan"]
[WhiteFideId "44124040"]
[BlackFideId "13429078"]
[WhiteElo "1960"]
[BlackElo "2359"]
[Result "0-1"]
[Round "01"]
[TimeControl "180+2"]
[Date "2022.12.27"]
[WhiteClock "0:00:18"]
[BlackClock "0:00:35"]

1. e4 d6 2. d4 Nf6 3. f3 Nbd7 4. c4 c6 5. Nc3 e5 6. d5 cxd5 7. cxd5 Be7 8. Be3 O-O 9. Bd3 Nh5 10. Nge2 Bg5 11. Qd2 Bxe3 12. Qxe3 Nc5 13. Bc2 a5 14. O-O a4 15. Rac1 Bd7 16. f4 exf4 17. Nxf4 Qg5 18. Qf2 Nxf4 19. Qxf4 Qxf4 20. Rxf4 f6 21. Re1 Rfe8 22. Kf2 Re5 23. Rf3 b5 24. a3 Rb8 25. Na2 Rbe8 26. Rfe3 g6 27. Nb4 Kg7 28. Kf3 h5 29. h3 g5 30. Bd3 Nb3 31. Na6 Rc8 32. Bb1 Nd2+ 33. Kf2 Nxb1 34. Rxb1 Rc2+ 35. Kg1 f5 36. Nb8 Be8 37. Rc3 Rxc3 38. bxc3 fxe4 39. Nc6 Rxd5 40. Nd4 Bd7 41. Kf2 Rc5 42. Rc1 d5 43. Ke3 Rc8 44. Ne2 Rf8 45. Rd1 Be6 46. Nd4 Bg8 47. Nxb5 Rc8 48. Rd4 Rc5 49. Rb4 Bf7 50. Kd4 Rc8 51. Nd6 Rc7 52. Rxa4 Bg6 53. Ra8 Re7 54. Nc8 e3 55. Nxe7 e2 56. Nf5+ Bxf5 0-1


[Site "https://www.chess.com"]

[Event "Titled Tuesday Blitz December 27 Early 2022"]
[White "Shuvalov, Evgenij"]
[Black "Steinberg, Nitzan"]
[WhiteFideId "4187237"]
[BlackFideId "2801795"]
[WhiteElo "2038"]
[BlackElo "2546"]
[Result "0-1"]
[Round "01"]
[TimeControl "180+2"]
[Date "2022.12.27"]
[WhiteClock "0:00:25"]
[BlackClock "0:01:50"]

1. d4 Nf6 2. c4 g6 3. Nc3 Bg7 4. e4 d6 5. Nf3 O-O 6. Be2 Nbd7 7. O-O e5 8. Be3 Re8 9. d5 a5 10. Ne1 Rf8 11. Nd3 b6 12. b3 Ne8 13. g4 Nc5 14. Nb2 f5 15. f3 Nf6 16. g5 Nh5 17. h4 Nf4 18. Kh2 Qd7 19. exf5 Qxf5 20. Rf2 Qh3+ 21. Kg1 Qxh4 22. Bxc5 Nh3+ 23. Kg2 dxc5 24. Ne4 Nxf2 25. Nxf2 e4 26. Rb1 Bd4 27. Nxe4 Qh3# 0-1


[Site "https://www.chess.com"]

[Event "Titled Tuesday Blitz December 27 Early 2022"]
[White "Skliarov, Viktor"]
[Black "Danaci, Ege"]
[WhiteFideId "14106736"]
[BlackFideId "34506748"]
[WhiteElo "2383"]
[BlackElo "2088"]
[Result "1-0"]
[Round "01"]
[TimeControl "180+2"]
[Date "2022.12.27"]
[WhiteClock "0:00:39"]
[BlackClock "0:00:07"]

1. e4 c5 2. Nf3 e6 3. c3 Nf6 4. Bd3 d6 5. Bc2 c4 6. b3 cxb3 7. axb3 Be7 8. d4 O-O 9. O-O Qc7 10. Qd3 e5 11. Na3 Bd7 12. Rd1 a6 13. h3 Nc6 14. Bd2 Rac8 15. Nc4 exd4 16. cxd4 d5 17. exd5 Nb4 18. Bxb4 Bxb4 19. Bb1 Bb5 20. Nfe5 g6 21. Qf3 Qd8 22. d6 Bxd6 23. Nxd6 Qxd6 24. Qxb7 Rfd8 25. Qf3 Qd5 26. Qxf6 Rc3 27. Be4 1-0


[Site "https://www.chess.com"]

[Event "Titled Tuesday Blitz December 27 Early 2022"]
[White "Sonis, Francesco"]
[Black "Ankerst, Mihael"]
[WhiteFideId "895733"]
[BlackFideId "14602369"]
[WhiteElo "2554"]
[BlackElo "2370"]
[Result "0-1"]
[Round "01"]
[TimeControl "180+2"]
[Date "2022.12.27"]
[WhiteClock "0:00:14"]
[BlackClock "0:00:13"]

1. d4 Nf6 2. Nc3 d5 3. Bf4 g6 4. e3 Bg7 5. h4 O-O 6. h5 Re8 7. hxg6 hxg6 8. Bd3 Bg4 9. f3 Bc8 10. g4 c6 11. Qd2 Nfd7 12. Qh2 e5 13. Qh7+ Kf8 14. Bh6 Bxh6 15. Qxh6+ Ke7 16. O-O-O Kd6 17. Nge2 Kc7 18. e4 exd4 19. Nxd4 Qf6 20. Nb3 d4 21. Ne2 c5 22. f4 Nc6 23. g5 Qe6 24. f5 gxf5 25. exf5 Qe3+ 26. Kb1 Nde5 27. Nec1 c4 28. Rde1 cxd3 29. Rxe3 dxc2+ 30. Ka1 dxe3 31. g6 Bxf5 32. gxf7 Nxf7 33. Qf4+ Nd6 34. Rh6 Rad8 35. Rh2 Kb6 36. Re2 Re4 37. Qh6 Nc4 38. Qg5 Rd5 39. Rxc2 Be6 40. Qg2 Rde5 41. Qe2 Bg4 42. Qe1 e2 43. a3 a5 44. Nd2 Nxd2 45. Rxd2 Nd4 46. b4 axb4 47. axb4 Kb5 48. Ra2 b6 49. Nd3 Nf3 50. Qc3 e1=Q+ 51. Nxe1 Rxe1+ 52. Kb2 R5e2+ 53. Ka3 Re3 54. Rc2 Nd4 55. Kb2 Rxc3 56. Rxc3 Re2+ 57. Ka3 Nc2+ 58. Kb2 Nxb4+ 59. Ka1 Be6 60. Rf3 Bc4 61. Rf4 Nd3 62. Rf1 Re1+ 63. Rxe1 Nxe1 0-1


[Site "https://www.chess.com"]

[Event "Titled Tuesday Blitz December 27 Early 2022"]
[White "Sovetov, Oleksandr"]
[Black "Costachi, Mihnea"]
[WhiteFideId "34105786"]
[BlackFideId "1217518"]
[WhiteElo "1976"]
[BlackElo "2476"]
[Result "1/2-1/2"]
[Round "01"]
[TimeControl "180+2"]
[Date "2022.12.27"]
[WhiteClock "0:00:09"]
[BlackClock "0:00:18"]

1. Nf3 Nc6 2. d4 d5 3. Bf4 Bf5 4. e3 e6 5. Bb5 Bd6 6. Ne5 Bxe5 7. Bxe5 f6 8. Bg3 Ne7 9. O-O O-O 10. c3 a6 11. Ba4 e5 12. Nd2 Bd3 13. Re1 e4 14. Bc2 Bxc2 15. Qxc2 Nf5 16. Qb3 Na5 17. Qa4 Nxg3 18. fxg3 c6 19. b4 Nc4 20. Nxc4 b5 21. Qc2 bxc4 22. a4 f5 23. Rf1 Qd6 24. Rf4 g5 25. Rf2 f4 26. gxf4 gxf4 27. Qe2 fxe3 28. Qxe3 Rxf2 29. Qxf2 Rf8 30. Qh4 Kg7 31. Qg4+ Qg6 32. Qd7+ Rf7 33. Qc8 e3 34. Re1 e2 35. h3 Re7 36. Qg4 Qxg4 37. hxg4 Re3 38. Kf2 Rxc3 39. Rxe2 Rb3 40. Re7+ Kg8 41. Ra7 c3 42. Rxa6 Rxb4 43. Rxc6 Rxa4 44. Ke3 Ra2 45. Rxc3 Rxg2 46. Kf4 Re2 47. Re3 Rxe3 48. Kxe3 Kf7 49. Kf3 h6 50. Ke3 Kg6 51. Kf3 Kg5 52. Kg3 Kg6 53. Kf3 Kf7 54. Kf4 Kf6 55. Kf3 Ke6 56. Kf4 Kf6 57. Kf3 Kg5 58. Kg3 Kg6 59. Kf4 Kf6 1/2-1/2


[Site "https://www.chess.com"]

[Event "Titled Tuesday Blitz December 27 Early 2022"]
[White "Starozhilov, Leonid"]
[Black "Rosenberg, Evan S"]
[WhiteFideId "14106752"]
[BlackFideId "2019299"]
[WhiteElo "2313"]
[BlackElo "1956"]
[Result "1-0"]
[Round "01"]
[TimeControl "180+2"]
[Date "2022.12.27"]
[WhiteClock "0:01:37"]
[BlackClock "0:00:57"]

1. e4 e5 2. Nf3 Nc6 3. Bb5 Nf6 4. d3 Ne7 5. O-O c6 6. Ba4 Ng6 7. c4 Be7 8. Nc3 O-O 9. d4 d5 10. exd5 cxd5 11. dxe5 Ng4 12. Nxd5 Bc5 13. b4 Bxf2+ 14. Rxf2 Nxf2 15. Kxf2 Bg4 16. Qd4 Bxf3 17. gxf3 a6 18. Bb2 b5 19. Bb3 bxc4 20. Bxc4 Rc8 21. e6 f6 22. e7 Nxe7 23. Nxe7+ Kh8 24. Ng6+ 1-0


[Site "https://www.chess.com"]

[Event "Titled Tuesday Blitz December 27 Early 2022"]
[White "Stead, Kerry"]
[Black "Slade, Theodore"]
[WhiteFideId "3202577"]
[BlackFideId "426547"]
[WhiteElo "1908"]
[BlackElo "1995"]
[Result "0-1"]
[Round "01"]
[TimeControl "180+2"]
[Date "2022.12.27"]
[WhiteClock "0:01:31"]
[BlackClock "0:01:57"]

1. d4 d5 2. e4 dxe4 3. Nc3 Nf6 4. f3 exf3 5. Nxf3 c6 6. Bg5 Bf5 7. Bc4 e6 8. O-O Be7 9. Ne5 O-O 10. Ne2 Nbd7 11. Nxd7 Qxd7 12. c3 h6 13. Bxf6 Bxf6 14. Ng3 Bg6 15. Nh5 Bg5 16. Qe2 Rad8 17. Rae1 Rfe8 18. Nf4 Bxf4 19. Rxf4 Qd6 20. Rg4 Bf5 21. Rg3 c5 22. Qh5 cxd4 23. Qxh6 Qxg3 24. hxg3 gxh6 0-1


[Site "https://www.chess.com"]

[Event "Titled Tuesday Blitz December 27 Early 2022"]
[White "Suleymanli, Suleyman"]
[Black "Kopacz, Grzegorz"]
[WhiteFideId "13416375"]
[BlackFideId "1109880"]
[WhiteElo "2269"]
[BlackElo "1997"]
[Result "1-0"]
[Round "01"]
[TimeControl "180+2"]
[Date "2022.12.27"]
[WhiteClock "0:01:49"]
[BlackClock "0:01:13"]

1. Nf3 Nf6 2. g3 g6 3. d4 Bg7 4. Bg2 O-O 5. O-O d5 6. c4 c6 7. cxd5 cxd5 8. Nc3 Nc6 9. Ne5 Bf5 10. Be3 h5 11. Qd2 Ng4 12. Nxg4 Bxg4 13. Bxd5 e6 14. Bxc6 bxc6 15. Kg2 e5 16. dxe5 Qxd2 17. Bxd2 Bxe5 18. f3 Be6 19. f4 Bg7 20. Rfd1 Rab8 21. b3 a5 22. Rac1 Bxc3 23. Bxc3 a4 24. bxa4 Bxa2 25. Be5 Ra8 26. Rxc6 Rxa4 27. Rd7 Be6 28. Rxe6 fxe6 29. Rg7+ 1-0


[Site "https://www.chess.com"]